 Dungeon Crawl Stone Soup version 0.28.0-53-g5a82cb258f (webtiles) character file.

Game seed: 5680016258990769883

2443 issech the Cudgeller (level 9, -14/78 HPs)
             Began as a Minotaur Monk on June 2, 2022.
             Demolished by a two-headed ogre
             ... wielding a +0 giant club
              (15 damage)
             ... on level 10 of the Dungeon on June 3, 2022.
             The game lasted 00:20:32 (7216 turns).

issech the Cudgeller (Minotaur Monk)                Turns: 7216, Time: 00:20:33

Health: -14/78     AC:  7    Str: 16    XL:     9   Next: 25%
Magic:  8/8        EV:  9    Int:  7    God:
Gold:   275        SH:  5    Dex: 17    Spells: 8/8 levels left

rFire   . . .      SeeInvis .   B - +1 flail (protect)
rCold   . . .      Faith    .   (no shield)
rNeg    . . .      Spirit   .   A - +0 chain mail
rPois   .          Reflect  +   L - +1 hat
rElec   .          Harm     .   Q - scarf {shadows}
rCorr   .          Rampage  .   (no gloves)
Will    .....                   (no boots)
Stlth   ..........              N - amulet of reflection
HPRegen 0.23/turn               c - ring of flight
MPRegen 0.11/turn               (no ring)

@: corroded, flying
A: horns 2, retaliatory headbutt
a: no special abilities


You were on level 10 of the Dungeon.
You visited 1 branch of the dungeon, and saw 8 of its levels.

You collected 275 gold pieces.

Inventory:

Hand Weapons
 a - a +0 hand axe
 e - a +0 hunting sling
 g - a +0 dagger of venom
 u - a +0 rapier
 B - a +1 flail of protection (weapon)
 C - a +0 morningstar
 D - a +2 vampiric spear
 F - a +0 war axe
 G - a +2 whip of freezing
Missiles
 f - 130 stones (quivered)
 j - 118 arrows
 o - 28 poisoned darts
 p - 44 sling bullets
 y - 4 atropa-tipped darts
 z - a throwing net
 K - a curare-tipped dart
 P - 26 bolts
Armour
 k - a +1 hat
 A - a +0 chain mail (worn)
 L - a +1 hat (worn)
 Q - a scarf of shadows (worn)
Magical Staves
 w - a staff of death
 O - a staff of air
Jewellery
 c - a ring of flight (left hand)
 N - an amulet of reflection (around neck)
Scrolls
 h - a scroll of immolation
 i - a scroll of teleportation {unknown}
 m - a scroll of amnesia {unknown}
 n - 2 scrolls of noise {unknown}
 s - a scroll of holy word {unknown}
 v - a scroll of enchant weapon {unknown}
 x - 2 scrolls of identify {unknown}
 J - a scroll of vulnerability {unknown}
 M - a scroll of blinking {unknown}
Potions
 b - a potion of berserk rage {unknown}
 d - a potion of invisibility {unknown}
 l - a potion of cancellation {unknown}
 q - a potion of flight {unknown}
 r - a potion of heal wounds {unknown}
 t - 2 potions of curing {unknown}
 E - a potion of mutation {unknown}
 H - a potion of ambrosia {unknown}
 I - 2 potions of degeneration {unknown}


   Skills:
 + Level 6.6 Fighting
 + Level 7.1(8.9) Axes
 + Level 7.7(9.0) Maces & Flails
 + Level 2.5(5.2) Polearms
 + Level 0.4 Throwing
 + Level 7.6 Armour
 + Level 4.8 Dodging
 + Level 2.6 Stealth
 + Level 0.1 Shields


You had 8 spell levels left.
You didn't know any spells.
Your spell library contained the following spells:

 Spells                   Type           Power      Damage    Failure   Level
 Sting                    Tmut/Pois      0%         1d3       99%         1
 Blink                    Tloc           0%         N/A       100%        2
 Corpse Rot               Necr/Air       0%         N/A       100%        2
 Poisonous Vapours        Pois/Air       0%         N/A       100%        2
 Lesser Beckoning         Tloc           0%         N/A       100%        3
 Olgreb's Toxic Radiance  Pois           0%         N/A       100%        4
 Manifold Assault         Tloc           0%         N/A       100%        5


Dungeon Overview and Level Annotations

Branches:
Dungeon (7/15)
 Temple: D:4-7

Altars:

Shops:
D:2 [   D:5 =**


Innate Abilities, Weirdness & Mutations

You have a pair of horns on your head.
You reflexively headbutt those who attack you in melee.


Message History

A yak and an acid dragon come into view.
The yak bellows!
A yak comes into view.
The acid dragon spits acid at you. The splash of acid hits you.
The acid corrodes you!
The howler monkey hoots and howls with incredible vigour!
Found a stone staircase leading up.
The yak gores you! The acid dragon bites you!
The acid dragon barely misses you.
You closely miss the acid dragon.
The howler monkey hoots and howls with incredible vigour!
You block the yak's attack. The yak gores you!
The acid dragon spits acid at you. The splash of acid hits you!!
* * * LOW HITPOINT WARNING * * *
You hit the acid dragon but do no damage.
Your weapon exudes an aura of protection.
The yak barely misses you. You furiously retaliate!
You headbutt the yak. The yak barely misses you.
The acid dragon bites you but does no damage.
The acid dragon barely misses you. The yak completely misses you.
The two-headed ogre hits you with a +0 giant club.
* * * LOW HITPOINT WARNING * * *
The two-headed ogre hits you but does no damage.
The howler monkey hits you.
* * * LOW HITPOINT WARNING * * *
The howler monkey hoots and howls with incredible vigour!
The acid dragon barely misses you. You furiously retaliate!
You headbutt the acid dragon, but do no damage.
The acid dragon closely misses you.
The howler monkey hits you but does no damage.
As you read the scroll labelled JIGEWI JAS MENG, it crumbles to dust.
The creatures around you are filled with an inner flame!
It was a scroll of immolation.
The howler monkey closely misses you. You furiously retaliate!
You headbutt the howler monkey.
Flame seeps out of the howler monkey.
The yak closely misses you.
The two-headed ogre hits you with a +0 giant club!
* * * LOW HITPOINT WARNING * * *
The two-headed ogre hits you with a +0 dire flail!
You die...

#...........#..
##............#
#..!.........###
#...............
#...............
#...[...........
#.......hYD.....
##.....OhY#.....
##.....@## .<..
######## ... ##


You could see a two-headed ogre (inner flame), 2 yaks, an acid dragon (inner
flame, catching breath) and 2 howler monkeys.

Vanquished Creatures
  Pikel (D:5)
  Edmund (D:4)
  2 water moccasins
  A sky beast (D:5)
  A black bear (D:5)
  2 necrophages
  An ogre (D:6)
  A phantom (D:5)
  A bullfrog (D:6)
  2 kobold brigands
  3 scorpions
  A howler monkey (D:10)
  4 bullfrog zombies (D:6)
  A jelly (D:6)
  2 orc priests (D:5)
  4 hounds
  A gnoll shaman (D:5)
  A bullfrog skeleton (D:5)
  An iguana (D:6)
  3 orc wizards (D:5)
  A killer bee zombie (D:5)
  A hound skeleton (D:5)
  A howler monkey zombie (D:4)
  10 gnolls
  4 adders
  A shadow imp (D:5)
  A white imp (D:6)
  2 worms (D:2)
  12 orcs
  8 endoplasms
  7 giant cockroaches
  5 goblins
  6 hobgoblins
  5 jackals (D:2)
  17 kobolds
  2 quokkas (D:1)
  2 ball pythons
  2 bats
  7 frilled lizards
  9 rats
137 creatures vanquished.

Vanquished Creatures (others)
  A gnoll (D:5)
  11 plants (D:4)
12 creatures vanquished.

Grand Total: 149 creatures vanquished

Notes
Turn   | Place    | Note
-------+----------+-------------------------------------------
     0 | D:1      | issech the Minotaur Monk began the quest for the Orb.
     0 | D:1      | Reached XP level 1. HP: 19/19 MP: 0/0
   199 | D:1      | Reached XP level 2. HP: 13/27 MP: 1/1
   855 | D:1      | Reached XP level 3. HP: 33/33 MP: 2/2
  1597 | D:2      | Found Zure's Armour Shop.
  1679 | D:2      | Reached XP level 4. HP: 31/40 MP: 3/3
  1757 | D:2      | Found a faded altar of an unknown god.
  1758 | D:2      | Noticed a necrophage
  1771 | D:2      | Killed a necrophage
  1772 | D:2      | Reached skill level 5 in Axes
  1772 | D:2      | Reached XP level 5. HP: 39/47 MP: 4/4
  2646 | D:4      | Reached skill level 1 in Armour
  2900 | D:4      | Reached XP level 6. HP: 22/53 MP: 5/5
  3359 | D:4      | Noticed Edmund
  3400 | D:4      | Killed Edmund
  4004 | D:5      | Entered Level 5 of the Dungeon
  4022 | D:5      | Reached skill level 5 in Fighting
  4037 | D:5      | Reached XP level 7. HP: 51/61 MP: 6/6
  4149 | D:5      | Reached skill level 1 in Maces & Flails
  4546 | D:5      | Found Meifry's General Store.
  5141 | D:5      | Reached skill level 5 in Armour
  5141 | D:5      | Reached XP level 8. HP: 26/69 MP: 7/7
  5470 | D:5      | Found Tiemat's Jewellery Emporium.
  5497 | D:5      | Reached skill level 1 in Polearms
  5592 | D:5      | Found Beppeox's Assorted Antiques.
  5767 | D:5      | Reached skill level 5 in Maces & Flails
  6083 | D:6      | Noticed Pikel
  6112 | D:5      | Killed Pikel
  6393 | D:6      | Reached XP level 9. HP: 61/75 MP: 8/8
  7196 | D:7      | You are sucked into a shaft and drop 3 floors!
  7196 | D:10     | Entered Level 10 of the Dungeon
  7199 | D:10     | Noticed a two-headed ogre
  7216 | D:10     | HP: 1/78 [two-headed ogre/+0 giant club (12)]
  7216 | D:10     | Demolished by a two-headed ogre

Illustrated notes

Levels and vault maps discovered:
D:1:      beargit_arrival_greenhouse, layout_loops_ring, hangedman_decor_push
D:2:      layout_basic, basic_ecumenical_altar, serial_shops, shop_fountains
D:3:      layout_basic, minmay_misc_feat_tiny
D:4:      layout_basic, lexackson_kobold_supper, uniq_edmund
D:5:      layout_loops_ring, serial_shops, shop_fountains, shop,
          nicolae_shop_behind_doors, nrook_campfire, minivault_1,
          lemuel_flame_loot_1
D:6:      nicolae_cairo_tiling_large, layout_cave_pools, uniq_pikel
D:7:      layout_gridville, minmay_temple_entry_from_below_a,
          gammafunk_ghost_wrathful_warriors
D:10:     layout_rooms, lair_entry_dummy

Skill      XL: |  1  2  3  4  5  6  7  8  9 |
---------------+----------------------------+-----
Axes           | 4 5 6 7 |  7.1
Fighting       | 4 5 6 |  6.6
Stealth        | 2 |  2.6
Dodging        | 4 |  4.8
Armour         | 1 3 5 7 |  7.6
Maces & Flails | 4 6 7 |  7.7
Polearms       | 2 |  2.5
Throwing       | |  0.4
Shields        | |  0.1

Action                   |  1- 3 |  4- 6 |  7- 9 || total
-------------------------+-------+-------+-------++-------
Melee: Hand axe          |    83 |    93 |       ||   176
       Headbutt          |    16 |    21 |    48 ||    85
       Flail             |       |    25 |   248 ||   273
       Punch             |       |     1 |     2 ||     3
       Spear             |       |       |    34 ||    34
Throw: Dart              |       |     3 |       ||     3
       Stone             |       |     1 |     3 ||     4
  Use: Scroll            |       |       |     1 ||     1
 Stab: Sleeping          |     1 |       |       ||     1
Armor: Robe              |     6 |       |       ||     6
       Ring mail         |     4 |    27 |       ||    31
       Chain mail        |       |    18 |   195 ||   213
Dodge: Dodged            |    68 |    67 |   109 ||   244
Block: Other             |       |       |    11 ||    11
